AoeStats
← timmywang50301

Arabia

509727212Analyzed
2v2 RM · 4d ago on Sep 27, 2026· 48m 52s· 4 players
Game mode
Random Map
Map size
Medium (4 player)
Population
200
Speed
Normal
Resources
Standard
Victory
Conquest
Starting age
Dark Age
Ending age
Imperial Age
RankedLock teamsTeams togetherTeam positionsShared explorationLock speedFull tech treeHidden civsTurbo modeCheats
Victory
Defeat
🇹🇼 Inca · Taiwan
1051
+16
🇹🇼 Turks · Taiwan
1050
+17
🇹🇷 Hindustanis · Türkiye
1066
-17
🇹🇷 Huns · Türkiye
1056
-16
HBforever
7:41 Loom
10:09 Feudal Age
11:00 Double-Bit Axe
11:49 Horse Collar
18:06 Gold Mining
20:42 Castle Age
19:16 Scale Barding Armor
19:53 Bloodlines
20:40 Forging
21:49 Bow Saw
22:58 Iron Casting
24:11 Heavy Plow
31:28 Gold Shaft Mining
35:11 Chain Barding Armor
39:30 Imperial Age
37:49 Husbandry
39:41 Wheelbarrow
39:46 Stone Mining
41:01 Plate Barding Armor
42:02 Blast Furnace
43:26 Padded Archer Armor
46:08 Two-Man Saw
46:12 Leather Archer Armor
49:39 Ring Archer Armor
48:32 Heavy Camel Rider
timmywang50301
11:04 Feudal Age
11:15 Loom
12:28 Double-Bit Axe
19:26 Castle Age
19:31 Horse Collar
20:34 Bow Saw
21:56 Stone Mining
22:14 Scale Mail Armor
24:32 Heavy Plow
24:06 Champi Runner
28:11 Champi Warrior
28:52 Squires
31:03 Chain Mail Armor
31:02 Forging
31:27 Gold Mining
34:59 Imperial Age
33:48 Iron Casting
33:05 Fletching
33:16 Padded Archer Armor
33:48 Thumb Ring
36:08 Conscription
35:12 Elite Champi Warrior
36:51 Plate Mail Armor
37:21 Blast Furnace
38:57 Gold Shaft Mining
37:57 Pikeman
38:30 Halberdier
39:53 Bodkin Arrow
42:03 Fabric Shields
43:03 Leather Archer Armor
44:57 Stone Shaft Mining
45:21 Arson
45:44 Bracer
blackout
6:48 Loom
9:18 Feudal Age
12:06 Double-Bit Axe
19:56 Castle Age
19:04 Bloodlines
18:49 Horse Collar
19:38 Scale Barding Armor
19:43 Gold Mining
21:11 Bow Saw
21:54 Heavy Plow
25:30 Wheelbarrow
26:04 Husbandry
28:07 Stone Mining
28:52 Gold Shaft Mining
30:28 Hand Cart
35:20 Imperial Age
33:08 Padded Archer Armor
32:59 Fletching
33:33 Chain Barding Armor
33:23 Forging
34:18 Leather Archer Armor
35:44 Heavy Camel Rider
37:52 Chemistry
38:02 Conscription
39:23 Imperial Camel Rider
41:32 Shatagni
43:06 Plate Barding Armor
43:06 Iron Casting
44:34 Light Cavalry
45:30 Hussar
mustajjj
8:21 Loom
10:51 Feudal Age
11:52 Horse Collar
12:04 Double-Bit Axe
17:43 Gold Mining
21:22 Castle Age
20:07 Wheelbarrow
20:02 Stone Mining
20:27 Forging
20:17 Scale Mail Armor
20:22 Scale Barding Armor
21:05 Bloodlines
22:54 Iron Casting
22:41 Chain Barding Armor
24:36 Heavy Plow
25:43 Bow Saw
27:56 Fletching
28:06 Padded Archer Armor
30:52 Hand Cart
30:23 Town Watch
37:30 Gold Shaft Mining
42:03 Imperial Age
40:50 Husbandry
40:10 Light Cavalry
40:14 Elite Skirmisher
40:18 Man-at-Arms
40:19 Pikeman
41:00 Squires
40:46 Arson
41:29 Scale Mail Armor
41:29 Padded Archer Armor
41:24 Bodkin Arrow
41:28 Murder Holes
41:43 Masonry
41:53 Ballistics
41:43 Bodkin Arrow
41:48 Padded Archer Armor
41:12 Long Swordsman
42:37 Marauders
43:11 Chain Mail Armor
43:12 Leather Archer Armor
42:43 Two-Handed Swordsman
44:32 Chemistry
44:29 Conscription
44:29 Halberdier
46:03 Elite Tarkan
47:48 Plate Barding Armor
Connection lost

Rejoining the realm…

Still unreachable

The connection could not be restored.

Session expired

The server has moved on; the page needs a fresh start.